 Dungeon Crawl Stone Soup version 0.18-a0-1347-gb9e2fb4 (webtiles) character file.

2 Reinor the Ducker (level 1, -1/11 HPs)
             Began as a Spriggan Abyssal Knight on Feb 17, 2016.
             Was an Initiate of Lugonu.
             Slain by a hobgoblin
             ... wielding a +0 club
              (4 damage)
             ... on level 1 of the Dungeon.
             The game lasted 00:02:12 (399 turns).

Reinor the Ducker (Spriggan Abyssal Knight)          Turns: 399, Time: 00:02:12

Health: -1/11      AC:  2    Str:  7 (8)  XL:     1   Next: 33%
Magic:  3/3        EV: 18    Int: 13      God:    Lugonu [......]
Gold:   35         SH:  0    Dex: 15      Spells: 0 memorised, 0 levels left

rFire  . . .     SeeInvis +     a - +1 short sword
rCold  . . .     Gourm    .     b - +0 robe
rNeg   . . .     Faith    .     (shield restricted)
rPois  .         Spirit   .     (helmet restricted)
rElec  .         Dismiss  .     (no cloak)
rCorr  .         Reflect  .     (gloves unavailable)
SustAt .         Harm     .     (boots unavailable)
MR     .....                    (no amulet)
Stlth  ++........               (no ring)
                                (no ring)

@: non-regenerating, mildly diseased, very quick, not resistant to hostile
enchantments, unstealthy
A: unfitting armour, see invisible, herbivore 3, speed 3, slow metabolism 2
a: Renounce Religion


You were on level 1 of the Dungeon.
You worshipped Lugonu.
Lugonu was noncommittal.
You were not hungry.

You visited 1 branch of the dungeon, and saw 1 of its levels.
You visited the Abyss 1 time.

You collected 35 gold pieces.

Inventory:

Hand Weapons
 a - a +1 short sword (weapon)
Armour
 b - a +0 robe (worn)
Scrolls
 g - 2 scrolls of fear {unknown}
 i - a scroll of identify {unknown}
Potions
 d - a potion of haste {unknown}
 e - a potion of curing {unknown}
Comestibles
 c - a bread ration
 f - 5 fruits
 h - a slice of pizza


   Skills:
 - Level 2.4 Fighting
 + Level 2.3 Short Blades
 - Level 3.5 Dodging
 + Level 0.9 Stealth
 - Level 1.7 Invocations


You couldn't memorise any spells.
You didn't know any spells.

Dungeon Overview and Level Annotations

Branches:
Dungeon (1/15)

Altars:


Innate Abilities, Weirdness & Mutations

You are tiny and cannot use many weapons and most armour.
You have supernaturally acute eyesight.
You are an herbivore.
You cover ground extremely quickly.
You need consume almost no food.


Message History

There is an open door here.
As you open the door, it creaks loudly!
There is an open door here.
Found a hand axe.
A hobgoblin comes into view. It is wielding a club.
A hobgoblin is nearby!
A hobgoblin is nearby!
A hobgoblin is nearby!
The hobgoblin shouts!
Found a stone staircase leading down.
The hobgoblin hits you with a club!
Ouch! That really hurt!
* * * LOW HITPOINT WARNING * * *
You are too injured to fight recklessly!
You are too injured to fight recklessly!
You are too injured to fight recklessly!
You are too injured to fight recklessly!
You are too injured to fight recklessly!
You hit the hobgoblin but do no damage. The hobgoblin hits you with a club.
You die...

##### # ..... .. .....
... ..... ....######
.......... #.......#
.....#### #....g..#
....# #.....@.# #...####
#........###### #...#...
#>...)........###...#.##
#...............+...#.##
#+#..#......#...#...'.##
.........#.#..##...####
....####....#....####
.... ######.........#
.............#


You could see a hobgoblin.

Vanquished Creatures
  A giant gecko (D:1)
  A kobold (D:1)
2 creatures vanquished.

Vanquished Creatures (others)
  An ogre mage (Abyss:3)
  A spatial vortex (Abyss:3)
  A worm (shapeshifter) (Abyss:3)
3 creatures vanquished.

Grand Total: 5 creatures vanquished

Notes
Turn   | Place    | Note
--------------------------------------------------------------
     0 | Abyss:1  | Reinor the Spriggan Abyssal Knight began the quest for the Orb.
     0 | Abyss:1  | Reached XP level 1. HP: 11/11 MP: 3/3
    55 | Abyss:1  | Noticed an apocalypse crab
    93 | Abyss:2  | Noticed a spatial maelstrom
   114 | Abyss:2  | Noticed a mana viper
   129 | Abyss:2  | Noticed a fire crab
   129 | Abyss:2  | a mana viper changed into a fire crab
   186 | Abyss:3  | Noticed a large abomination
   197 | Abyss:3  | Noticed an iron imp
   199 | Abyss:3  | Noticed a large abomination
   202 | Abyss:3  | Noticed a small abomination
   204 | Abyss:3  | Found a viscous altar of Jiyva.
   205 | Abyss:3  | Noticed an ancient zyme
   207 | Abyss:3  | Killed an ogre mage
   219 | Abyss:3  | Noticed a small abomination
   224 | Abyss:3  | Noticed a small abomination
   230 | Abyss:3  | Noticed a large abomination
   231 | Abyss:3  | Noticed a hellwing
   236 | Abyss:3  | Noticed a large abomination
   252 | Abyss:3  | Noticed a wretched star
   254 | D:1      | Escaped the Abyss
   399 | D:1      | Slain by a hobgoblin

Vault maps used:
D:1:      co_arrival_square_in_a_square_in_a_square, serial_bayou_pond_a
Abyss:1:  bh_abyss_exit_spiral
Abyss:2:  evilmike_abyss_exit_6
Abyss:3:  evilmike_abyss_rune_seething_chaos

Action                   || total
-------------------------++-------
Melee: Short sword       ||     4
Invok: Depart the Abyss  ||     1
 Stab: Sleeping          ||     1
